 Dungeon Crawl Stone Soup version 0.30-a0-862-g1aabd4f9c5 (webtiles) character file.

Game seed: 15876682640260522524

4881 avis the Transmogrifier (level 10, -1/81 HPs)
             Began as a Demigod Warper on Mar 10, 2023.
             Slain by a wight
             ... wielding a +6 spear
              (9 damage)
             ... on level 9 of the Dungeon.
             The game lasted 01:11:24 (10971 turns).

avis the Transmogrifier (Demigod Warper)           Turns: 10971, Time: 01:11:25

Health: -1/81      AC:  7    Str: 15    XL:     10   Next: 6%
Magic:  16/21      EV: 13    Int: 15    God:
Gold:   153        SH:  0    Dex: 17    Spells: 12/19 levels left

rFire   + . .      SeeInvis .    b - melded +1 sling (heavy)
rCold   + . .      Faith    .    (shield currently unavailable)
rNeg    + + .      Spirit   .    R - +3 robe of Sloth {rN+ Will+ Regen+ Str-5}
rPois   .          Reflect  .    u - +2 hat
rElec   .          Rampage  .    t - scarf {rC+ rF+}
rCorr   .                        e - melded +0 pair of gloves
Will    ++...                    (no boots)
Stlth   ++                       (no amulet)
HPRegen 1.13/turn                W - ring of flight
MPRegen 0.17/turn                g - ring of positive energy

@: blade hands, flying
A: high MP 1, forlorn, divine attributes
a: End Transformation


You were on level 9 of the Dungeon.
You had blades for hands.
You visited 2 branches of the dungeon, and saw 10 of its levels.

You collected 612 gold pieces.
You spent 459 gold pieces at shops.

Inventory:

Hand Weapons
 b - a +1 heavy sling (melded)
 w - a +2 dagger of venom
Missiles
 i - 2 boomerangs
 v - 22 poisoned darts
 M - 3 throwing nets
 V - a curare-tipped dart (quivered)
Armour
 a - a +0 buckler
 e - a +0 pair of gloves (melded)
 t - a scarf of resistance (worn)
 u - a +2 hat (worn)
 R - the +3 robe of Sloth (worn) {rN+ Will+ Regen+ Str-5}
   (You bought it in a shop on level 6 of the Dungeon)

   Str:       It affects your strength (-5).
   rN:        It protects you from negative energy.
   Regen:     It increases your rate of health regeneration.
   Will:      It increases your willpower.
Jewellery
 g - a ring of positive energy (right blade hand)
 W - a ring of flight (left blade hand)
Wands
 k - a wand of charming (4)
 H - a wand of iceblast (18)
 I - a wand of digging (6)
 J - a wand of mindburst (15)
 S - a wand of polymorph (8)
Scrolls
 c - a scroll of blinking
 d - a scroll of poison {unknown}
 f - 5 scrolls of teleportation
 m - 4 scrolls of amnesia {unknown}
 n - a scroll of butterflies {unknown}
 s - 3 scrolls of noise {unknown}
 y - 4 scrolls of enchant weapon {unknown}
 A - 2 scrolls of vulnerability {unknown}
 C - a scroll of brand weapon {unknown}
 E - a scroll of immolation {unknown}
 G - 4 scrolls of magic mapping {unknown}
 T - a scroll of enchant armour {unknown}
Potions
 h - a potion of resistance {unknown}
 j - 2 potions of might
 l - 5 potions of curing
 o - a potion of heal wounds
 q - a potion of flight {unknown}
 x - a potion of berserk rage
 z - 2 potions of cancellation
 B - 2 potions of magic {unknown}
 D - a potion of brilliance {unknown}
 F - 3 potions of invisibility {unknown}
 N - 2 potions of mutation {unknown}


   Skills:
 - Level 5.0 Fighting
 - Level 2.0 Long Blades
 - Level 0.8 Throwing
 - Level 0.8 Armour
 - Level 3.0 Dodging
 * Level 5.9 Unarmed Combat
 - Level 5.0 Spellcasting
 - Level 3.0 Translocations
 - Level 10.0 Transmutations


You had 12 spell levels left.
You knew the following spells:

 Your Spells              Type           Power      Damage    Failure   Level
b - Blink                 Tloc           24%        N/A       38%         2
B - Blade Hands           Tmut           16%        N/A       41%         5

Your spell library contained the following spells:

 Spells                   Type           Power      Damage    Failure   Level
 Lesser Beckoning         Tloc           24%        N/A       38%         2
 Teleport Other           Tloc           12%        N/A       54%         3
 Magic Dart               Conj           12%        1d3       56%         1
 Searing Ray              Conj           6%         2d4       67%         2
 Portal Projectile        Hex/Tloc       16%        N/A       69%         3
 Vhi's Electric Charge    Tloc/Air       16%        N/A       69%         3
 Tukima's Dance           Hex            3%         N/A       83%         3
 Manifold Assault         Tloc           12%        N/A       83%         4
 Fulminant Prism          Conj/Hex       1%         3d5       99%         4


Dungeon Overview and Level Annotations

Branches:
Dungeon (9/15)             Temple (1/1) D:4
   Lair: D:8-11         Orc: D:9-12

Shops:
D:6 [   D:8 *

Annotations:
D:5 2 runed translucent doors, Zenkrye's ghost, novice HuCA
D:7 1 runed translucent door


Innate Abilities, Weirdness & Mutations

You have blades for hands.
Your spellcasting is less reliable in this form.
You are incapable of wielding weapons or throwing items.
You have an increased reservoir of magic. (+10% MP)
You shall have no god before yourself.
Your divine heritage dramatically boosts your attributes as you level up.


Message History

You now have 153 gold pieces (gained 13).
You reach down and open the door.
There is an open door here.
You reach down and open the door. 2 wights come into view.
Fire: b) +1 sling (heavy)
Press: ? - help, Q - select action, (/) - cycle Shift-Dir - straight line, f - wight
Aim: a wight, wielding a +6 spear and wearing a +0 robe (dormant, 98% to hit)
You shoot a sling bullet. The sling bullet hits the wight.
The wight is moderately damaged.
You hear two shouts!
Fire: b) +1 sling (heavy)
Press: ? - help, Q - select action, (/) - cycle Shift-Dir - straight line, f - wight, p - wight
Aim: a wight, wielding a +0 spear and wearing a +0 robe (60% to hit)
You shoot a sling bullet.
The sling bullet closely misses the wight.
The sling bullet completely misses the wight.
A two-headed ogre comes into view. It is wielding two +0 giant clubs.
Casting: Blade Hands (dangerous; 8% risk of failure)
Confirm with . or Enter, or press ? or * to list all spells.
Your hands turn into razor-sharp scythe blades.
Your +1 heavy sling melds into your body.
Your +0 pair of gloves melds into your body.
The wight closely misses you. The wight misses you.
The two-headed ogre hits you with a +0 giant club!! x2
The wight completely misses you.
You slice the two-headed ogre!!
The two-headed ogre is heavily wounded.
The wight hits you from afar with a +6 spear.
The wight barely misses you.
You hit the two-headed ogre.
The two-headed ogre is heavily wounded.
The two-headed ogre hits you with a +0 giant club!
* * * LOW HITPOINT WARNING * * *
The two-headed ogre hits you with a +0 giant club!
* * * LOW HITPOINT WARNING * * *
The wight hits you but does no damage.
The wight hits you from afar with a +6 spear!
You die...

# # # . #
.. # #####
+#... #
#...#......
..
#...#......
....
#..@Oz.....
.....
#...#z.....
..... #...#
..... ...
#...# ....
#...# ...
#...# ..
#...# .
#...# #...#


You could see a two-headed ogre and 2 wights.

Vanquished Creatures
  A two-headed ogre (D:9)
  Joseph (D:7)
  A steam dragon (D:7)
  Grum (D:8)
  An acid dragon (D:9)
  4 orc warriors
  An ice beast (D:5)
  A sky beast (D:8)
  3 ogres
  3 wolves (D:8)
  A centaur (D:9)
  3 phantoms
  Blork the orc (D:5)
  2 kobold brigands
  6 bullfrogs
  A scorpion (D:6)
  8 wights (D:8)
  3 electric eels (D:7)
  3 howler monkeys
  2 jellies
  5 orc priests
  3 hounds
  2 gnoll boudas
  6 iguanas
  3 sleepcaps
  3 orc wizards
  9 gnolls
  5 adders
  2 shadow imps
  A white imp (D:7)
  An ufetubus (D:6)
  2 worms (D:3)
  2 dart slugs (D:5)
  27 orcs
  6 ball pythons
  10 endoplasms
  6 giant cockroaches
  5 goblins
  8 hobgoblins
  3 quokkas
  8 bats
  6 frilled lizards
  A goblin skeleton (D:7)
  20 kobolds
  A kobold zombie (D:7)
  8 rats
200 creatures vanquished.

Notes
Turn   | Place    | Note
-------+----------+-------------------------------------------
     0 | D:1      | avis the Demigod Warper began the quest for the Orb.
     0 | D:1      | Reached XP level 1. HP: 17/17 MP: 5/5
   410 | D:1      | Reached XP level 2. HP: 24/24 MP: 7/7
   797 | D:1      | Learned a level 2 spell: Blink
  1075 | D:2      | Reached XP level 3. HP: 30/30 MP: 8/8
  1850 | D:3      | Reached skill level 1 in Unarmed Combat
  2135 | D:3      | Reached XP level 4. HP: 28/38 MP: 9/9
  3398 | D:4      | Reached XP level 5. HP: 19/45 MP: 10/10
  3714 | D:4      | Found a staircase to the Ecumenical Temple.
  3723 | Temple   | Entered the Ecumenical Temple
  3859 | D:4      | Noticed an ogre
  3882 | D:4      | Killed an ogre
  4268 | D:5      | Entered Level 5 of the Dungeon
  4499 | D:5      | Learned a level 5 spell: Blade Hands
  4522 | D:5      | Reached XP level 6. HP: 42/51 MP: 10/13
  4659 | D:5      | Reached skill level 1 in Transmutations
  4812 | D:5      | Reached skill level 2 in Transmutations
  4820 | D:5      | Found a runed translucent door.
  4820 | D:5      | Noticed Zenkrye's ghost (novice HuCA)
  4959 | D:5      | Reached skill level 3 in Transmutations
  4959 | D:5      | Reached XP level 7. HP: 57/57 MP: 14/14
  4976 | D:5      | Noticed Blork the orc
  4984 | D:5      | Killed Blork the orc
  4985 | D:5      | Reached skill level 4 in Transmutations
  5538 | D:5      | Found a runed translucent door.
  5667 | D:5      | Reached skill level 5 in Transmutations
  5955 | D:6      | Found Doulu's Armour Shop.
  6162 | D:6      | Reached skill level 6 in Transmutations
  6162 | D:6      | Reached XP level 8. HP: 41/63 MP: 14/16
  7039 | D:7      | Reached skill level 7 in Transmutations
  7366 | D:7      | Reached skill level 8 in Transmutations
  7619 | D:6      | Bought the +3 robe of Sloth {rN+ Will+ Regen+ Str-5} for
                  | 330 gold pieces
  7720 | D:7      | Found a runed translucent door.
  7741 | D:7      | Noticed Joseph
  7756 | D:7      | Killed Joseph
  7757 | D:7      | Reached skill level 9 in Transmutations
  7757 | D:7      | Reached XP level 9. HP: 57/69 MP: 13/18
  9254 | D:8      | Found Tifosego's Assorted Antiques.
  9262 | D:8      | Bought a scroll of identify for 38 gold pieces
  9262 | D:8      | Bought a potion of curing for 57 gold pieces
  9262 | D:8      | Bought a bubbling purple potion for 17 gold pieces
  9262 | D:8      | Bought a silvery potion for 17 gold pieces
  9450 | D:8      | Reached skill level 10 in Transmutations
  9519 | D:8      | Reached skill level 5 in Spellcasting
  9529 | D:8      | Noticed Grum
  9537 | D:8      | Killed Grum
  9987 | D:8      | Reached skill level 5 in Fighting
 10693 | D:9      | Noticed a two-headed ogre
 10702 | D:9      | Killed a two-headed ogre
 10703 | D:9      | Reached skill level 5 in Unarmed Combat
 10703 | D:9      | Reached XP level 10. HP: 26/81 MP: 16/21
 10966 | D:9      | Noticed a two-headed ogre
 10971 | D:9      | Slain by a wight

Illustrated notes

Levels and vault maps discovered:
D:1:      elethiomel_arrival_maze, layout_basic, minmay_close_crescents
D:2:      layout_loops_ring, basic_altar, chequers_serial_rivers_large_a,
          hex_tiny
D:3:      layout_loops_ring, nicolae_ashenzari_skybound,
          kennysheep_generic_room_5
D:4:      layout_loops_corners, minmay_temple_entry_mist
D:5:      layout_cave_pods, grunt_temple_overflow_growth_and_decay,
          nemelex_spade_bored_becter, overflow_temple_1_default,
          ebering_ghost_sewer_f, minmay_quadrilaterals, uniq_blork_the_orc
D:6:      layout_basic, mainiacjoe_overflow_six_doors_small,
          gammafunk_temple_overflow_forgotten, serial_shops, shop,
          minmay_misc_feat_secret_circle
D:7:      layout_loops_cross, dk_yredelemnul_ordeal, kennysheep_mini,
          kennysheep_little_box, water_maze_lemuel, uniq_joseph
D:8:      layout_loops_ring, serial_shops, nicolae_square_shop, uniq_grum
D:9:      layout_gridville, nicolae_qazlal_style_of_elements, bloody_trog,
          grunt_ministairs_12
Temple:   nicolae_temple_superstar

Skill      XL: |  1  2  3  4  5  6  7  8  9 |
---------------+----------------------------+-----
Fighting       | 2 3 5 |  5.0
Long Blades    | 2 |  2.0
Dodging        | 2 3 |  3.0
Spellcasting   | 2 3 4 5 |  5.0
Translocations | 3 |  3.0
Unarmed Combat | 1 3 4 5 |  5.9
Transmutations | 3 6 9 10 | 10.0
Throwing       | |  0.8
Armour         | |  0.8

Action                     |  1- 3 |  4- 6 |  7- 9 | 10-12 || total
---------------------------+-------+-------+-------+-------++-------
  Melee: Falchion          |    98 |    11 |       |       ||   109
         Great sword       |       |    74 |    82 |       ||   156
         Unarmed           |       |    21 |   114 |     4 ||   139
         Punch             |       |     1 |     1 |       ||     2
   Fire: Sling             |    74 |   101 |    52 |     2 ||   229
         Arbalest          |       |     5 |    94 |       ||    99
  Throw: Boomerang         |       |     7 |       |       ||     7
         Dart              |       |     2 |     1 |       ||     3
   Cast: Blink             |       |     1 |     3 |       ||     4
         Blade Hands       |       |       |    17 |     1 ||    18
Ability: End Transformatio |       |       |     2 |       ||     2
  Evoke: Wand              |       |       |     1 |       ||     1
    Use: Scroll            |       |     5 |     3 |       ||     8
         Potion            |       |       |     4 |       ||     4
 Armour: Leather armour    |    37 |    49 |    60 |       ||   146
         Robe              |       |       |    28 |     1 ||    29
  Dodge: Dodged            |    64 |   111 |   243 |     4 ||   422

Table legend: (Time is in decaauts)
 A = Elapsed time spent in this place.
 B = Non-inter-level travel time spent in this place.
 C = Inter-level travel time spent in this place.
 D = Time resting spent in this place.
 E = Time spent auto-exploring this place.
 F = Levels seen in this place.
 G = Mean time per level.
                   A        B        C        D        E       F      G
               +--------+--------+--------+--------+--------+-----+--------+
         Total |  11279 |   9887 |   1392 |   2281 |   4969 |  10 | 1127.9 |
       Dungeon |  11242 |   9855 |   1387 |   2281 |   4969 |   9 | 1249.1 |
        Temple |     37 |     32 |      5 |      0 |      0 |   1 |   37.0 |
               +--------+--------+--------+--------+--------+-----+--------+

Top non-repeatable levels by time:
     D:5: 1829 daAuts
     D:4: 1667 daAuts
     D:7: 1604 daAuts
     D:6: 1483 daAuts
     D:8: 1246 daAuts
     D:3: 1233 daAuts
     D:1: 1122 daAuts
     D:2: 718 daAuts
     D:9: 335 daAuts
  Temple: 37 daAuts
